EL
BIRMINGHAM BARONS @ CHATTANOOGA LOOKOUTS
08/16/2044
 
TOP OF THE 1ST
Birmingham Barons batting - Pitching for Chattanooga Lookouts : LHP Antoine Champagne
Pitching: LHP Antoine Champagne
Batting: LHB Ryan Karg 0-0: Ball
1-0: Ground out 3-1 (Groundball, 34, EV 90.0 MPH)
Batting: RHB Dieter Knoops 0-0: Called Strike
0-1: Ball
1-1: Ball
2-1: Ball
3-1: Foul Ball, location: 2F
3-2: Base on Balls
Batting: RHB Casey McKinney 0-0: Grounds into double play, 4-6-3 (Groundball, 4M, EV 88.8 MPH)
Top of the 1st over - 0 runs, 0 hits, 0 errors, 0 left on base; Birmingham 0 - Chattanooga 0
BOTTOM OF THE 1ST
Chattanooga Lookouts batting - Pitching for Birmingham Barons : RHP Alberto Castillo
Pitching: RHP Alberto Castillo
Batting: LHB Marius Tadini 0-0: Foul Ball, location: 2F
0-1: Foul Ball, location: 2F
0-2: SINGLE (Groundball, 3D, EV 103.1 MPH)
Batting: RHB Ruben Martinez 0-0: Ball
1-0: Ball
2-0: Foul Ball, location: 2F
2-1: Ball
3-1: Base on Balls
Marius Tadini to second
Batting: LHB Matt Robertson 0-0: Called Strike
0-1: Ball
1-1: Ball
2-1: SINGLE (Groundball, 3D, EV 98.8 MPH)
Marius Tadini to third
Ruben Martinez to second
Batting: RHB Isaiah Easter 0-0: Ball
1-0: Called Strike
1-1: SINGLE (Line Drive, 8RS, EV 87.5 MPH)
Marius Tadini scores
Ruben Martinez to third
Matt Robertson to second
Batting: RHB Justin Allison 0-0: Ball
1-0: Ball
2-0: Called Strike
2-1: Ball
3-1: Foul Ball, location: 2F
3-2: Base on Balls
Ruben Martinez scores
Matt Robertson to third
Isaiah Easter to second
Batting: SHB Chris Ortiz 0-0: Ball
1-0: Called Strike
1-1: Ball
2-1: Ball
3-1: Base on Balls
Matt Robertson scores
Isaiah Easter to third
Justin Allison to second
Batting: RHB Bobby Paredes 0-0: Called Strike
0-1: Ball
1-1: Ball
2-1: Ball
3-1: Base on Balls
Isaiah Easter scores
Justin Allison to third
Chris Ortiz to second
Batting: RHB Francisque Regras 0-0: Called Strike
0-1: Ball
1-1: Called Strike
1-2: Ball
2-2: Strikes out swinging
Batting: RHB Ben Droge 0-0: Ball
1-0: Ball
2-0: Called Strike
2-1: Foul Ball, location: 2F
2-2: Strikes out swinging
Batting: LHB Marius Tadini 0-0: Foul Ball, location: 2F
0-1: Swinging Strike
0-2: Ground out 1-3 (Groundball, 25, EV 71.3 MPH)
Bottom of the 1st over - 4 runs, 3 hits, 0 errors, 3 left on base; Birmingham 0 - Chattanooga 4
TOP OF THE 2ND
Birmingham Barons batting - Pitching for Chattanooga Lookouts : LHP Antoine Champagne
Batting: RHB Justin Starnes 0-0: Reached on error, E5 (Groundball, 56, EV 95.6 MPH)
Batting: RHB Tony Reyna 0-0: Grounds into double play, 5-4-3 (Groundball, 5, EV 90.6 MPH)
Batting: RHB Bobby Gulsby 0-0: Ball
1-0: Ground out 6-3 (Groundball, 6, EV 104.4 MPH)
Top of the 2nd over - 0 runs, 0 hits, 1 error, 0 left on base; Birmingham 0 - Chattanooga 4
BOTTOM OF THE 2ND
Chattanooga Lookouts batting - Pitching for Birmingham Barons : RHP Alberto Castillo
Batting: RHB Ruben Martinez 0-0: Ball
1-0: Ball
2-0: Called Strike
2-1: Fly out, F6 (Line Drive, 6, EV 73.1 MPH)
Batting: LHB Matt Robertson 0-0: Ball
1-0: Ball
2-0: SINGLE (Line Drive, 8LM, EV 91.3 MPH)
Batting: RHB Isaiah Easter 0-0: Called Strike
Matt Robertson steals 2nd base (no throw)
0-1: Swinging Strike
0-2: Ball
1-2: Ball
2-2: Ground out 2-3 (Groundball, 13S, EV 64.4 MPH)
Matt Robertson to third
Batting: RHB Justin Allison 0-0: Ball
1-0: Ball
2-0: Ball
3-0: Fly out, F8 (Flyball, 8LM, EV 71.3 MPH)
Bottom of the 2nd over - 0 runs, 1 hit, 0 errors, 1 left on base; Birmingham 0 - Chattanooga 4
TOP OF THE 3RD
Birmingham Barons batting - Pitching for Chattanooga Lookouts : LHP Antoine Champagne
Batting: RHB Justin Walker 0-0: Ball
1-0: Foul Ball, location: 2F
1-1: Ball
2-1: Ground out 4-3 (Groundball, 13, EV 90.0 MPH)
Batting: RHB Bill Williams 0-0: Ball
1-0: Ball
2-0: Swinging Strike
2-1: Swinging Strike
2-2: Strikes out swinging
Batting: RHB Justin Thacker 0-0: Ball
1-0: Fly out, F8 (Flyball, 8LD, EV 98.8 MPH)
Top of the 3rd over - 0 runs, 0 hits, 0 errors, 0 left on base; Birmingham 0 - Chattanooga 4
BOTTOM OF THE 3RD
Chattanooga Lookouts batting - Pitching for Birmingham Barons : RHP Alberto Castillo
Batting: SHB Chris Ortiz 0-0: SINGLE (Groundball, 4MD, EV 98.1 MPH)
Batting: RHB Bobby Paredes 0-0: Called Strike
0-1: Swinging Strike
0-2: Ball
1-2: Foul Ball, location: 2F
1-2: Ball
2-2: Ball
3-2: Fielders Choice at 2nd, 6-4 (Groundball, 6, EV 88.8 MPH)
Batting: RHB Francisque Regras 0-0: Ball
1-0: Ball
2-0: Swinging Strike
2-1: Foul Ball, location: 2F
2-2: Foul Ball, location: 2F
2-2: Ball
3-2: Base on Balls
Bobby Paredes to second
Batting: RHB Ben Droge 0-0: Called Strike
0-1: SINGLE (Groundball, 6MD, EV 106.9 MPH)
Bobby Paredes to third
Francisque Regras to second
Runner from 3rd tries for Home, throw by CF and OUT! 8-2
Batting: LHB Marius Tadini 0-0: Foul Ball, location: 2F
0-1: Ball
1-1: SINGLE (Groundball, 34D, EV 111.9 MPH)
Francisque Regras to third
Ben Droge to second
Runner from 3rd tries for Home, SAFE, throw by RF to home
Pitching: RHP Jim Milch
Batting: RHB Ruben Martinez 0-0: Ball
1-0: Ball
2-0: Ball
3-0: Called Strike
3-1: Foul Ball, location: 2F
3-2: Foul Ball, location: 2F
3-2: Foul Ball, location: 2F
3-2: Strikes out swinging
Bottom of the 3rd over - 1 run, 3 hits, 0 errors, 2 left on base; Birmingham 0 - Chattanooga 5
TOP OF THE 4TH
Birmingham Barons batting - Pitching for Chattanooga Lookouts : LHP Antoine Champagne
Batting: LHB Ryan Karg 0-0: Ball
1-0: Ball
2-0: Fly out, F8 (Flyball, 8RD, EV 88.1 MPH)
Batting: RHB Dieter Knoops 0-0: Foul Ball, location: 2F
0-1: SINGLE (Line Drive, 78M, EV 97.5 MPH)
Batting: RHB Casey McKinney 0-0: Called Strike
0-1: Ball
1-1: Swinging Strike
1-2: Ball
2-2: Foul Ball, location: 2F
2-2: Fly out, F7 (Flyball, 78D, EV 108.8 MPH)
Batting: RHB Justin Starnes 0-0: Called Strike
0-1: Foul Ball, location: 2F
0-2: Ball
1-2: Ball
2-2: Ball
3-2: Foul Ball, location: 2F
3-2: Ground out 4-3 (Groundball, 4, EV 91.9 MPH)
Top of the 4th over - 0 runs, 1 hit, 0 errors, 1 left on base; Birmingham 0 - Chattanooga 5
BOTTOM OF THE 4TH
Chattanooga Lookouts batting - Pitching for Birmingham Barons : RHP Jim Milch
Batting: LHB Matt Robertson 0-0: Called Strike
0-1: Ball
1-1: Ball
2-1: Ball
3-1: Base on Balls
Batting: RHB Isaiah Easter 0-0: Called Strike
0-1: Called Strike
Matt Robertson steals 2nd base
0-2: Strikes out looking
Batting: RHB Justin Allison 0-0: Ball
1-0: Called Strike
Matt Robertson steals 3rd base
1-1: Fly out, F9 (Flyball, 9LS, EV 90.0 MPH)
Batting: SHB Chris Ortiz 0-0: Ball
1-0: Called Strike
1-1: Ball
2-1: Ball
3-1: Foul Ball, location: 2F
3-2: Base on Balls
Batting: RHB Bobby Paredes 0-0: Ball
1-0: Swinging Strike
1-1: Ball
2-1: Ball
3-1: Foul Ball, location: 2F
3-2: Strikes out looking
Bottom of the 4th over - 0 runs, 0 hits, 0 errors, 2 left on base; Birmingham 0 - Chattanooga 5
TOP OF THE 5TH
Birmingham Barons batting - Pitching for Chattanooga Lookouts : LHP Antoine Champagne
Batting: RHB Tony Reyna 0-0: Ball
1-0: Foul Ball, location: 2F
1-1: Ball
2-1: Ball
3-1: Fly out, F8 (Flyball, 89D, EV 100.6 MPH)
Batting: RHB Bobby Gulsby 0-0: Ball
1-0: Called Strike
1-1: Ball
2-1: Ball
3-1: Ground out 6-3 (Groundball, 6M, EV 78.1 MPH)
Batting: RHB Justin Walker 0-0: Called Strike
0-1: Foul Ball, location: 2F
0-2: Strikes out swinging
Top of the 5th over - 0 runs, 0 hits, 0 errors, 0 left on base; Birmingham 0 - Chattanooga 5
BOTTOM OF THE 5TH
Chattanooga Lookouts batting - Pitching for Birmingham Barons : RHP Jim Milch
Batting: RHB Francisque Regras 0-0: Ball
1-0: Ball
2-0: Foul Ball, location: 2F
2-1: Foul Ball, location: 2F
2-2: Foul Ball, location: 2F
2-2: Foul Ball, location: 2F
2-2: Ball
3-2: Strikes out swinging
Batting: RHB Ben Droge 0-0: Ground out 6-3 (Groundball, 6, EV 81.3 MPH)
Batting: LHB Marius Tadini 0-0: SINGLE (Groundball, 6D, EV 110.6 MPH)
Batting: RHB Ruben Martinez 0-0: Called Strike
0-1: Fly out, F3 (Popup, 34S, EV 85.0 MPH)
Bottom of the 5th over - 0 runs, 1 hit, 0 errors, 1 left on base; Birmingham 0 - Chattanooga 5
TOP OF THE 6TH
Birmingham Barons batting - Pitching for Chattanooga Lookouts : LHP Antoine Champagne
Batting: RHB Bill Williams 0-0: Called Strike
0-1: Ball
1-1: SINGLE (Line Drive, 8RS, EV 93.1 MPH)
Batting: RHB Justin Thacker 0-0: Called Strike
0-1: Ball
1-1: Foul Ball, location: 2F
1-2: Ball
2-2: Foul Ball, location: 2F
2-2: Ball
3-2: Fielders Choice at 2nd, 3-6 (Groundball, 34, EV 91.9 MPH)
Batting: LHB Ryan Karg 0-0: Swinging Strike
0-1: Swinging Strike
0-2: Ball
Justin Thacker is caught stealing 2nd base 2-6
1-2: Foul Ball, location: 2F
1-2: Strikes out looking
Top of the 6th over - 0 runs, 1 hit, 0 errors, 0 left on base; Birmingham 0 - Chattanooga 5
BOTTOM OF THE 6TH
Chattanooga Lookouts batting - Pitching for Birmingham Barons : RHP Jim Milch
Batting: LHB Matt Robertson 0-0: Ball
1-0: Called Strike
1-1: SINGLE (Flyball, 34D, EV 95.0 MPH)
Pitching: RHP Mario Zarate
Batting: RHB Isaiah Easter 0-0: Ball
1-0: Foul Ball, location: 2F
1-1: Foul Ball, location: 2F
1-2: Ball
2-2: Fielders Choice at 2nd, 5-4 (Groundball, 5S, EV 86.3 MPH)
Batting: RHB Justin Allison 0-0: Ball
1-0: Ball
2-0: Called Strike
2-1: Ball
3-1: Foul Ball, location: 2F
3-2: Foul Ball, location: 2F
3-2: Foul Ball, location: 2F
3-2: Base on Balls
Isaiah Easter to second
Batting: SHB Chris Ortiz 0-0: Swinging Strike
0-1: Ball
1-1: Ball
2-1: Swinging Strike
2-2: Strikes out swinging
Batting: RHB Bobby Paredes 0-0: Called Strike
0-1: Ball
1-1: Ball
2-1: Fielders Choice at 2nd, 6-4 (Groundball, 6, EV 85.6 MPH)
Bottom of the 6th over - 0 runs, 1 hit, 0 errors, 2 left on base; Birmingham 0 - Chattanooga 5
TOP OF THE 7TH
Birmingham Barons batting - Pitching for Chattanooga Lookouts : LHP Antoine Champagne
Batting: RHB Dieter Knoops 0-0: Foul Ball, location: 2F
0-1: Swinging Strike
0-2: Foul Ball, location: 2F
0-2: SINGLE (Flyball, 6D, EV 93.1 MPH)
Batting: RHB Casey McKinney 0-0: Fly out, F3 (Popup, 3SF, EV 76.9 MPH)
Batting: RHB Justin Starnes 0-0: Ball
1-0: Called Strike
1-1: Called Strike
1-2: Grounds into double play, 6-4-3 (Groundball, 6, EV 91.3 MPH)
Top of the 7th over - 0 runs, 1 hit, 0 errors, 0 left on base; Birmingham 0 - Chattanooga 5
BOTTOM OF THE 7TH
Chattanooga Lookouts batting - Pitching for Birmingham Barons : RHP Mario Zarate
Batting: RHB Francisque Regras 0-0: Ball
1-0: Foul Ball, location: 2F
1-1: Foul Ball, location: 2F
1-2: Foul Ball, location: 2F
1-2: Strikes out swinging
Pitching: RHP John Pena
Batting: RHB Ben Droge 0-0: Ground out 6-3 (Groundball, 6S, EV 63.8 MPH)
Batting: LHB Marius Tadini 0-0: Ball
1-0: Ball
2-0: Swinging Strike
2-1: Ground out 6-3 (Groundball, 6, EV 86.9 MPH)
Bottom of the 7th over - 0 runs, 0 hits, 0 errors, 0 left on base; Birmingham 0 - Chattanooga 5
TOP OF THE 8TH
Birmingham Barons batting - Pitching for Chattanooga Lookouts : LHP Antoine Champagne
Batting: RHB Tony Reyna 0-0: Ball
1-0: Ball
2-0: Called Strike
2-1: Ball
3-1: Fly out, F6 (Popup, P, EV 85.6 MPH)
Batting: RHB Bobby Gulsby 0-0: Ball
1-0: SINGLE (Groundball, P, EV 81.3 MPH) (infield hit)
Batting: RHB Justin Walker 0-0: Foul Ball, location: 2F
0-1: Ball
1-1: Ball
2-1: Fly out, F6 (Popup, P, EV 88.1 MPH)
Batting: RHB Bill Williams 0-0: Ball
1-0: Called Strike
1-1: Ball
2-1: Ball
3-1: Foul Ball, location: 2F
3-2: Foul Ball, location: 2F
3-2: Ground out 5-3 (Groundball, 56, EV 88.1 MPH)
Top of the 8th over - 0 runs, 1 hit, 0 errors, 1 left on base; Birmingham 0 - Chattanooga 5
BOTTOM OF THE 8TH
Chattanooga Lookouts batting - Pitching for Birmingham Barons : RHP John Pena
Batting: RHB Ruben Martinez 0-0: Foul Ball, location: 2F
0-1: Ball
1-1: Ball
2-1: Ground out 4-3 (Groundball, 4, EV 78.8 MPH)
Batting: LHB Matt Robertson 0-0: Ball
1-0: Called Strike
1-1: Foul Ball, location: 2F
1-2: Ball
2-2: SINGLE (Popup, 5D, EV 63.8 MPH)
Batting: RHB Isaiah Easter 0-0: Ball
1-0: Called Strike
1-1: Ball
Matt Robertson is caught stealing 2nd base 2-4
2-1: Ball
3-1: Ground out 5-3 (Groundball, 5L, EV 87.5 MPH)
Bottom of the 8th over - 0 runs, 1 hit, 0 errors, 0 left on base; Birmingham 0 - Chattanooga 5
TOP OF THE 9TH
Birmingham Barons batting - Pitching for Chattanooga Lookouts : LHP Antoine Champagne
Pitching: RHP Justin Nourse
Batting: RHB Justin Thacker 0-0: Ball
1-0: Fly out, F7 (Flyball, 7, EV 82.5 MPH)
Batting: LHB Ryan Karg 0-0: Called Strike
0-1: SINGLE (Line Drive, 89S, EV 105.6 MPH)
Batting: RHB Dieter Knoops 0-0: Foul Ball, location: 2F
0-1: Fly out, F8 (Flyball, 78D, EV 96.9 MPH)
Batting: RHB Casey McKinney 0-0: Ball
1-0: Called Strike
1-1: Ground out 5-3 (Groundball, 56S, EV 70.6 MPH)
Top of the 9th over - 0 runs, 1 hit, 0 errors, 1 left on base; Birmingham 0 - Chattanooga 5
Thursday, March 31st , 2022 - OOTP Baseball 22.12 Build 89